 Dungeon Crawl Stone Soup version 0.17.0-28-g6e173f8 (webtiles) character file.

185 Ithica the Covered (level 5, -3/47 HPs)
             Began as a Minotaur Fighter on Nov 24, 2015.
             Killed from afar by a hobgoblin (11 damage)
             ... with a wand of cold
             ... on level 3 of the Dungeon.
             The game lasted 00:17:46 (3728 turns).

Ithica the Covered (Minotaur Fighter)               Turns: 3728, Time: 00:17:46

Health: -3/47      AC:  7    Str: 21    XL:     5   Next: 37%
Magic:  4/4        EV:  8    Int:  5    God:
Gold:   125        SH:  9    Dex: 10    Spells: 0 memorised, 4 levels left

rFire  . . .     SeeInvis .     t - +3 flail
rCold  . . .     Clarity  .     b - +0 scale mail
rNeg   . . .     SustAt   .     c - +0 shield
rPois  .         Gourm    .     (helmet restricted)
rElec  .         Spirit   .     (no cloak)
rCorr  .         Warding  .     (no gloves)
rMut   .         Stasis   .     (no boots)
MR     .....                    (no amulet)
Stlth  ..........               (no ring)
                                (no ring)

@: drained, not resistant to hostile enchantments, extremely unstealthy
A: retaliatory headbutt, horns 2
a: no special abilities


You were on level 3 of the Dungeon.
You were not hungry.

You visited 1 branch of the dungeon, and saw 3 of its levels.

You collected 125 gold pieces.

Inventory:

Hand Weapons
 a - a +1 flail
 m - a +0 flail
 n - a +0 spear
 o - a +0 mace
 p - a +0 falchion
 q - a +0 hand axe
 s - a +0 flail
 t - a +3 flail (weapon)
Armour
 b - a +0 scale mail (worn)
 c - a +0 shield (worn)
 r - a +2 leather armour of cold resistance
Scrolls
 d - a scroll of noise {unknown}
 i - 4 scrolls of identify
 j - a scroll of enchant weapon
Potions
 g - a potion of might
 h - a potion of magic {unknown}
Comestibles
 e - 2 bread rations
 f - a beef jerky
 k - a slice of pizza


   Skills:
 + Level 4.4(4.1) Fighting
 + Level 2.8(2.5) Maces & Flails
 + Level 5.1(4.8) Armour
 + Level 2.2(1.9) Dodging
 + Level 4.7(4.4) Shields


You had 4 spell levels left.
You didn't know any spells.

Dungeon Overview and Level Annotations

Branches:
Dungeon (3/15)

Altars:
Fedhas
Okawaru
Trog

Annotations:
D:2 Sigmund; Terence
D:3 Dickchan's ghost, novice MiBe; Grinder


Innate Abilities, Weirdness & Mutations

You reflexively headbutt those who attack you in melee.
You have a pair of horns on your head.


Message History

Grinder is lightly wounded.
Grinder hits you.
You writhe in agony.
There isn't anything here!
Press: ? - help, v - describe, . - travel The floor.
A hobgoblin comes into view. It is wielding a club.
The hobgoblin shouts!
Grinder gestures at you.
You suddenly lose the ability to move!
The hobgoblin zaps a wand.
The bolt of cold hits you!
It is a wand of cold.
Grinder gestures.
Grinder blinks!
The hobgoblin zaps a wand.
The bolt of cold hits you!
* * * LOW HITPOINT WARNING * * *
Grinder gestures.
Grinder blinks!
You can move again.
The hobgoblin hits you with a club.
* * * LOW HITPOINT WARNING * * *
The hobgoblin zaps a wand.
The bolt of cold hits you!
You die...

. #.# ###.### ###. .. #.. .....
#. ... ......#.#########. ....
#.###.#.##.....##. .... #.# # #.#
#.... .... #.# .#.# #.###
....##### .#.# .#. #.# #$......#
.#.###.###### #.#
#.......######.#@.........# #.###
####...........#.....####.###.)[W
#.....#.........g....#........###
#.....#..............#........#
................>#.#.#........###
...)......#.....##.#.####.#......
..........#.....##.#.# #.#.#####
.)........#.....##.#.####.#.# #
...########.....##.#......#.# #


You could see a hobgoblin.

Vanquished Creatures
  An orc wizard (D:3)
  Jessica (D:3)
  Robin (D:3)
  3 adders (D:2)
  A gnoll (D:1)
  3 oozes (D:1)
  8 orcs (D:3)
  6 hobgoblins
  3 kobolds
  2 quokkas (D:2)
  11 bats
  A giant cockroach (D:2)
  A giant newt (D:2)
  16 goblins
  4 jackals
  5 rats
67 creatures vanquished.

Notes
Turn   | Place    | Note
--------------------------------------------------------------
     0 | D:1      | Ithica the Minotaur Fighter began the quest for the Orb.
     0 | D:1      | Reached XP level 1. HP: 19/19 MP: 0/0
    99 | D:1      | Reached skill level 4 in Fighting
    99 | D:1      | Reached XP level 2. HP: 18/27 MP: 1/1
   612 | D:1      | Reached XP level 3. HP: 33/33 MP: 2/2
   982 | D:2      | Found an iron altar of Okawaru.
  1133 | D:2      | Noticed Sigmund
  1328 | D:2      | Found a bloodstained altar of Trog.
  1404 | D:2      | Reached skill level 1 in Dodging
  1472 | D:2      | Noticed Terence
  1658 | D:3      | Found a blossoming altar of Fedhas.
  1705 | D:3      | Noticed Robin
  1715 | D:3      | Reached XP level 4. HP: 33/40 MP: 3/3
  1720 | D:3      | Killed Robin
  1725 | D:3      | Noticed Dickchan's ghost (novice MiBe)
  3259 | D:3      | Reached XP level 5. HP: 29/47 MP: 4/4
  3455 | D:3      | Noticed Jessica
  3476 | D:3      | Killed Jessica
  3476 | D:3      | Reached skill level 5 in Armour
  3695 | D:3      | Noticed Grinder
  3721 | D:3      | Paralysed by Grinder for 5 turns
  3728 | D:3      | Killed from afar by a hobgoblin

Action                   |  1- 3 |  4- 6 || total
-------------------------+-------+-------++-------
Melee: Flail             |   104 |    88 ||   192
  Use: Potion            |     3 |       ||     3
       Scroll            |     2 |     4 ||     6
  Eat: Chunk             |     1 |     3 ||     4
       Meat ration       |     1 |       ||     1
